 Dungeon Crawl Stone Soup version 0.31-a0-188-g5e087ee2ca (webtiles) character file.

Game seed: 8918736582866376328

58 qw the Shooter (level 3, -4/20 HPs)
             Began as a Deep Elf Hunter on June 23, 2023.
             Slain by Sigmund
             ... wielding a +2 scythe of flaming
              (7 damage)
             ... on level 2 of the Dungeon.
             The game lasted 00:00:31 (846 turns).

qw the Shooter (Deep Elf Hunter)                     Turns: 846, Time: 00:00:32

Health: -4/20      AC:  5    Str: 10    XL:     3   Next: 76%
Magic:  5/5        EV: 11    Int: 13    God:
Gold:   5          SH:  0    Dex: 18    Spells: 2/2 levels left

rFire   . . .        Y - +0 shortbow
rCold   . . .        (shield currently unavailable)
rNeg    . . .        e - +0 ring mail
rPois   .            (no helmet)
rElec   .            (no cloak)
rCorr   .            (no gloves)
SInv    .            (no boots)
Will    .....        (no amulet)
Stlth   +            (no ring)
HPRegen 0.23/turn    (no ring)
MPRegen 0.09/turn

%: no passive effects
@: no status effects
A: no striking features
a: no special abilities


You were on level 2 of the Dungeon.
You visited 1 branch of the dungeon, and saw 2 of its levels.

You collected 5 gold pieces.


   Skills:
 - Level 1.5 Fighting
 + Level 7.2 Ranged Weapons
 - Level 2.4 Dodging
 - Level 1.2 Stealth


You had 2 spell levels left.
You didn't know any spells.
Your spell library was empty.

Inventory:

Hand Weapons
 Y - a +0 shortbow (weapon)
Armour
 e - a +0 ring mail (worn)
Potions
 d - a potion of enlightenment {unknown}
 f - a potion of curing {unknown}

Dungeon Overview and Level Annotations

Branches:
Dungeon (2/15)

Altars:

Annotations:
D:2 Sigmund


Message History

Sigmund shouts!
You hear an angry hiss.
Sigmund is suddenly surrounded by pale red light.
Sigmund moves out of view.
Sigmund casts a spell at you. The magic dart hits you!
You see here a black potion.
You shoot an arrow. The arrow hits Sigmund.
Sigmund is lightly wounded.
Sigmund gestures at you while chanting.
You are confused.
Sigmund hits you from afar with a +2 scythe of flaming.
Sigmund burns you. Sigmund hits you but does no damage.
Sigmund hits you from afar with a +2 scythe of flaming.
Sigmund burns you.
You feel less confused.
You shoot an arrow. The arrow barely misses Sigmund.
Sigmund misses you.
You shoot an arrow.
The arrow hits Sigmund but does no damage.
Sigmund is lightly wounded.
Sigmund barely misses you.
You shoot an arrow. The arrow hits Sigmund.
Sigmund is moderately wounded.
Sigmund barely misses you.
You shoot an arrow. The arrow hits Sigmund!
Sigmund is severely wounded.
You shoot an arrow. The arrow barely misses Sigmund.
Sigmund hits you from afar with a +2 scythe of flaming.
Sigmund burns you.
You shoot an arrow. The arrow closely misses Sigmund.
Sigmund hits you but does no damage.
You shoot an arrow. The arrow closely misses Sigmund.
Sigmund barely misses you.
You shoot an arrow. The arrow hits Sigmund.
Sigmund is severely wounded.
You shoot an arrow. The arrow hits Sigmund.
Sigmund is severely wounded.
Sigmund hits you from afar with a +2 scythe of flaming!
You die...

# #........# .#
###.##..#######
.
#............#
#.#.##..####.#
#........###
#.#.##.....# #
# ##....##
##.#.#..##.#
#....@.@# .#
#.#####.# .#
#.# ## #.# #..
###


You could see Sigmund.

Vanquished Creatures
  2 dart slugs (D:1)
  2 giant cockroaches (D:1)
  5 goblins (D:1)
  5 hobgoblins (D:1)
  7 jackals (D:1)
  5 kobolds (D:1)
  8 ball pythons (D:1)
  7 bats
  4 frilled lizards (D:1)
  7 rats
52 creatures vanquished.

Notes
Turn   | Place    | Note
-------+----------+-------------------------------------------
     0 | D:1      | qw the Deep Elf Hunter began the quest for the Orb.
     0 | D:1      | Reached XP level 1. HP: 12/12 MP: 3/3
     0 | D:1      | 0 ||| qw: Version: 0.3-a-9-g12657ce
     0 | D:1      | 0 ||| qw: Game counter: 3838
     0 | D:1      | 0 ||| qw: Always use a shield: true
     0 | D:1      | 0 ||| qw: God list: Okawaru
     0 | D:1      | 0 ||| qw: Allow faded altars: false
     0 | D:1      | 0 ||| qw: Do Orc after D:15 true
     0 | D:1      | 0 ||| qw: Do second Lair branch before Depths: true
     0 | D:1      | 0 ||| qw: Lair rune preference: random
     0 | D:1      | 0 ||| qw: Plans: Normal
     0 | D:1      | 0 ||| PLANNING D:1-11
   106 | D:1      | Reached XP level 2. HP: 16/16 MP: 4/4
   110 | D:1      | Reached skill level 6 in Ranged Weapons
   197 | D:1      | HP: 2/16 [hobgoblin (4)]
   206 | D:1      | Reached XP level 3. HP: 4/20 MP: 5/5
   312 | D:1      | HP: 5/20 [jackal (1)]
   320 | D:1      | HP: 3/20 [jackal (2)]
   386 | D:1      | 386 ||| FLEEEEING.
   387 | D:1      | 387 ||| FLEEEEING.
   388 | D:1      | 388 ||| FLEEEEING.
   389 | D:1      | 389 ||| FLEEEEING.
   392 | D:1      | 392 ||| FLEEEEING.
   474 | D:1      | Reached skill level 7 in Ranged Weapons
   765 | D:1      | 765 ||| UPGRADING to +0 ring mail.
   775 | D:1      | 775 ||| DROPPING +0 leather armour.
   776 | D:1      | 776 ||| READING scroll labelled YMUOHEO DOXZAG.
   777 | D:1      | 777 ||| READING scroll labelled IMAISI FUYKE.
   782 | D:1      | 782 ||| DROPPING scroll of butterflies.
   830 | D:2      | Noticed Sigmund
   842 | D:2      | HP: 4/20 [Sigmund/+2 scythe of flaming (5)]
   846 | D:2      | Slain by Sigmund

Levels and vault maps discovered:
D:1:      dpeg_arrival_subterranean_lakeside_camping, layout_rooms,
          hangedman_abyss_or_decor_stabs, minmay_misc_feat_enclosed, hex_large,
          minmay_misc_feat_more_columns, minmay_heptomino_l4
D:2:      minmay_general_purpose_star, layout_loops_ring, uniq_sigmund,
          uniq_natasha

Skill      XL: |  1  2  3 |
---------------+----------+-----
Ranged Weapons | 6 7 |  7.2
Fighting       | |  1.5
Dodging        | |  2.4
Stealth        | |  1.2

Action                     || total
---------------------------++-------
   Fire: Shortbow          ||   144
    Use: Scroll            ||     2
 Armour: Leather armour    ||    28
         Ring mail         ||     2
  Dodge: Dodged            ||    90

Table legend:
 A = Non-vault XP
 B = Vault XP
 C = Vault XP percentage of total XP
 D = Non-vault monster count
 E = Vault monster count
 F = Vault count percentage of total count
                 A         B        C        D         E       F
            +---------+---------+-------+---------+---------+-------
      Total |      68 |      16 |  19.0 |      43 |       9 |  17.3
            +---------+---------+-------+---------+---------+-------
        D:1 |      65 |      16 |  19.8 |      40 |       9 |  18.4
        D:2 |       3 |       0 |   0.0 |       3 |       0 |   0.0
            +---------+---------+-------+---------+---------+-------
